 Dungeon Crawl Stone Soup version 0.30-a0-823-geb93a13fce (webtiles) character file.

Game seed: 3259309217273695597

68 Monkooky the Trooper (level 4, 0/52 HPs)
             Began as an Ogre Gladiator on Feb 27, 2023.
             Slain by a gnoll
             ... wielding a +0 whip
              (9 damage)
             ... on level 1 of the Dungeon.
             The game lasted 00:01:45 (1326 turns).

Monkooky the Trooper (Ogre Gladiator)               Turns: 1326, Time: 00:01:46

Health: 0/52       AC:  3    Str: 20    XL:     4   Next: 19%
Magic:  4/4        EV: 10    Int:  9    God:
Gold:   74         SH:  0    Dex: 10    Spells: 3/3 levels left

rFire   . . .      SeeInvis .    a - +0 quarterstaff
rCold   . . .      Faith    .    (shield currently unavailable)
rNeg    . . .      Spirit   .    b - +0 robe
rPois   .          Reflect  .    c - +0 hat
rElec   .          Harm     .    (no cloak)
rCorr   .          Rampage  .    (gloves unavailable)
Will    .....                    (boots unavailable)
Stlth   +                        (no amulet)
HPRegen 0.28/turn                (no ring)
MPRegen 0.09/turn                (no ring)

@: no status effects
A: large, unfitting armour, tough skin 1
a: no special abilities


You were on level 1 of the Dungeon.
You visited 1 branch of the dungeon, and saw 2 of its levels.

You collected 74 gold pieces.

Inventory:

Hand Weapons
 a - a +0 quarterstaff (weapon)
Missiles
 d - 2 throwing nets (quivered)
 e - a large rock
Armour
 b - a +0 robe (worn)
 c - a +0 hat (worn)
Scrolls
 f - a scroll of fog {unknown}
 h - 2 scrolls of identify {unknown}
 i - 2 scrolls of immolation {unknown}
 n - a scroll of brand weapon {unknown}
 o - a scroll of enchant weapon {unknown}
Potions
 g - 2 potions of degeneration {unknown}
 j - 2 potions of curing {unknown}
 k - a potion of ambrosia {unknown}
 l - a potion of flight {unknown}
 m - a potion of lignification {unknown}


   Skills:
 - Level 5.8 Fighting
 + Level 3.0 Staves
 - Level 2.0 Throwing
 - Level 2.6 Dodging


You had 3 spell levels left.
You didn't know any spells.
Your spell library contained the following spells:

 Spells                   Type           Power      Damage    Failure   Level
 Sublimation of Blood     Necr           0%         N/A       52%         2
 Wereblood                Tmut           0%         N/A       52%         2
 Summon Hydra             Summ           0%         N/A       100%        7


Dungeon Overview and Level Annotations

Branches:
Dungeon (2/15)

Altars:


Innate Abilities, Weirdness & Mutations

You are too large for most types of armour.
You have tough skin. (AC +1)


Message History

The gnoll closely misses you.
You sock the gnoll!
You kill the gnoll!
You hit the gnoll but do no damage. The gnoll barely misses you.
You hit the gnoll.
The gnoll is moderately wounded.
The gnoll hits you with a +0 whip.
You hit the gnoll.
The gnoll is severely wounded.
The gnoll hits you with a +0 whip! The gnoll closely misses you.
You are too injured to fight recklessly!
You are too injured to fight recklessly!
You are too injured to fight recklessly!
You are too injured to fight recklessly!
You are too injured to fight recklessly!
You are too injured to fight recklessly!
You are too injured to fight recklessly!
You are too injured to fight recklessly!
You are too injured to fight recklessly!
You are too injured to fight recklessly!
You are too injured to fight recklessly!
You are too injured to fight recklessly!
You are too injured to fight recklessly!
You are too injured to fight recklessly!
You are too injured to fight recklessly!
The gnoll hits you with a +0 whip.
* * * LOW HITPOINT WARNING * * *
You climb upwards.
There is a stone staircase leading down here.
You hit the gnoll but do no damage.
The gnoll is severely wounded.
The gnoll hits you with a +0 whip.
* * * LOW HITPOINT WARNING * * *
Throw: 3 throwing nets
Press: ? - help, Q - select action, (/) - cycle Shift-Dir - straight line, f - gnoll
Aim: a gnoll, wielding a +0 whip (severely wounded, 63% to hit)
You throw a throwing net.
The throwing net closely misses the gnoll.
The gnoll hits you with a +0 whip!
You die...

#....##.#.##..........
#)#..##.#.#.....###...
#.#..(..#.#....## #..#
######.#.....#.#....# #...
#...................# #..#
#.##.#............#.####...
#.##.#.....................
#.##.#...#g#...#...........
#.##.#...#@#...............
#.##.#...#.#...#..#.#.###..
#..........................
#####.#...#.#..##..#.#.###..
#...........................
#####.#...#.#..##..#.#.#....
####.#...#.#..##..#.#.#....
#.................#.#.#....
####.###.#.#..##...........


You could see a gnoll.

Vanquished Creatures
  An adder (D:2)
  2 gnolls (D:2)
  A dart slug (D:1)
  2 ball pythons (D:1)
  2 bats (D:1)
  4 endoplasms (D:1)
  A goblin (D:1)
  4 hobgoblins
  2 jackals (D:2)
  8 kobolds
  A quokka (D:1)
  2 frilled lizards (D:1)
  6 rats
36 creatures vanquished.

Notes
Turn   | Place    | Note
-------+----------+-------------------------------------------
     0 | D:1      | Monkooky the Ogre Gladiator began the quest for the Orb.
     0 | D:1      | Reached XP level 1. HP: 22/22 MP: 1/1
    10 | D:1      | Reached skill level 3 in Fighting
    78 | D:1      | Reached XP level 2. HP: 29/32 MP: 2/2
   120 | D:1      | Reached skill level 4 in Fighting
   384 | D:1      | Reached XP level 3. HP: 36/40 MP: 3/3
  1051 | D:2      | Reached skill level 5 in Fighting
  1314 | D:2      | Reached XP level 4. HP: 38/50 MP: 4/4
  1326 | D:1      | Slain by a gnoll

Illustrated notes

Levels and vault maps discovered:
D:1:      amcnicky_arrival_double_pillar, layout_basic
D:2:      layout_loops_cross

Skill      XL: |  1  2  3 |
---------------+----------+-----
Fighting       | 3 4 5 |  5.8
Staves         | |  3.0
Throwing       | |  2.0
Dodging        | |  2.6

Action                     |  1- 3 |  4- 6 || total
---------------------------+-------+-------++-------
  Melee: Quarterstaff      |   116 |    10 ||   126
  Throw: Throwing net      |       |     1 ||     1
   Stab: Sleeping          |     1 |       ||     1
 Armour: Robe              |    24 |       ||    24
  Dodge: Dodged            |    71 |     5 ||    76

Table legend: (Time is in decaauts)
 A = Elapsed time spent in this place.
 B = Non-inter-level travel time spent in this place.
 C = Inter-level travel time spent in this place.
 D = Time resting spent in this place.
 E = Time spent auto-exploring this place.
 F = Levels seen in this place.
 G = Mean time per level.
                   A        B        C        D        E       F      G
               +--------+--------+--------+--------+--------+-----+--------+
         Total |   1346 |   1335 |     11 |     75 |    937 |   2 |  673.0 |
       Dungeon |   1346 |   1335 |     11 |     75 |    937 |   2 |  673.0 |
               +--------+--------+--------+--------+--------+-----+--------+

Top non-repeatable levels by time:
     D:1: 1056 daAuts
     D:2: 289 daAuts
